 Dungeon Sprint DCSS version 0.27-a0-1273-gec92ba881d (webtiles) character file.

Game seed: 17294180965161170631

96 mhtbhm the Skirmisher (level 4, -1/40 HPs)
             Began as a Demonspawn Berserker on June 11, 2021.
             Was a Believer of Trog.
             Splashed by an oklob sapling priest's acid (14 damage)
             ... in the Dungeon (Sprint IV: "Fedhas' Mad Dash").
             The game lasted 00:00:37 (603 turns).

mhtbhm the Skirmisher (Demonspawn Berserker)         Turns: 603, Time: 00:00:38

Health: -1/40      AC:  2    Str: 18    XL:     4   Next: 41%
Magic:  3/4        EV: 12    Int:  9    God:    Trog [**....]
Gold:   53         SH:  0    Dex: 12    Spells: 3/3 levels left

rFire    . . .     SeeInvis .   a - +0 mace
rCold    . . .     Faith    .   (no shield)
rNeg     . . .     Spirit   .   b - +0 animal skin
rPois    .         Reflect  .   (no helmet)
rElec    .         Harm     .   (no cloak)
rCorr    .         Rampage  .   (no gloves)
Will     .....     NoTele   +   (no boots)
Stlth    +.........             i - amulet of invisibility {+Inv}
HPRegen  0.13/turn              (no ring)
MPRegen  0.09/turn              (no ring)

@: very slightly contaminated, invisible (expiring)
A: ignite blood 1
a: Renounce Religion, Evoke Invisibility, Berserk, Trog's Hand


You were in the Dungeon.
You worshipped Trog.
Trog was pleased with you.
You visited 1 branch You collected 53 gold pieces.

Inventory:

Hand Weapons
 a - a +0 mace (weapon)
Armour
 b - a +0 animal skin (worn)
Jewellery
 i - the amulet of invisibility (around neck) {+Inv}
   (You found it in the Dungeon)

   [amulet of nothing]

   It lets you turn invisible.
Scrolls
 h - a scroll of blinking
Potions
 c - a potion of curing
 d - a potion of heal wounds
 e - a potion of haste
 f - 2 potions of magic
 g - a potion of berserk rage


   Skills:
 + Level 6.0 Fighting
 + Level 5.8 Maces & Flails
 + Level 2.9 Armour
 + Level 3.1 Dodging
 + Level 0.8 Stealth


You had 3 spell levels left.
You didn't know any spells.
Your spell library was empty.

Dungeon Overview and Level Annotations

Branches:
Dungeon (1/1)

Altars:
Cheibriados
Dithmenos
Elyvilon
Gozag
Hepliaklqana
Kikubaaqudgha
Makhleb
Nemelex Xobeh
Okawaru
Qazlal
Ru
Sif Muna
Trog
Uskayaw
Vehumet
Wu Jian
Xom
Yredelemnul
Zin
The Shining One
Beogh
Jiyva
Lugonu

Annotations:
D exclusion: oklob sapling


Innate Abilities, Weirdness & Mutations

Your demonic aura sometimes causes spilled blood to erupt in flames.


Message History

You see here a scorpion corpse.
You start putting on your amulet.
You continue putting on the amulet of invisibility {+Inv}. x5
You finish putting on the amulet of invisibility {+Inv}.
i - the amulet of invisibility (around neck) {+Inv} You start resting.
HP restored.
You see here a +0 short sword.
You fail to use your ability.
You fade into invisibility!
You are very lightly contaminated with residual magic.
As you open the door, it creaks loudly!
Found ten altars.
Unknown command.
An oklob sapling priest comes into view.
Marking area around an oklob sapling as unsafe for travelling.
Found three altars.
There is an open door here.
Found three altars.
Found two altars.
Found three altars.
There is an opulent altar of Gozag here.
Found a corrupted altar of Lugonu and a radiant altar of Vehumet.
There is a hazy altar of Hepliaklqana here.
You catch the helpless oklob sapling priest completely off-guard!
You hit the oklob sapling priest but do no damage.
You hit the oklob sapling priest but do no damage.
You flicker for a moment.
The oklob sapling priest invokes the aid of its god against you.
Something smites you!
You hit the oklob sapling priest but do no damage.
You hit the oklob sapling priest but do no damage.
The oklob sapling priest miscasts a cantrip.
You hit the oklob sapling priest.
The oklob sapling priest is lightly damaged.
You hit the oklob sapling priest but do no damage.
The oklob sapling priest is lightly damaged.
The oklob sapling priest spits acid at you.
The splash of acid hits you!
You are splashed with acid!
You die...

########################
....#.....#.⌠._._._._.⌠.
[...'.#.).'.._._@_._._..
....#.#...#..._._P_._...
########+##.._._._._._..
#._._._._._.⌠.
##############


You could see an oklob sapling priest.

Vanquished Creatures
  A scorpion (D)
  An oklob sapling (D)
  A river rat (D)
  A rat (D)
4 creatures vanquished.

Vanquished Creatures (others)
  A fungus (D)
1 creature vanquished.

Grand Total: 5 creatures vanquished

Notes
Turn   | Place    | Note
-------+----------+-------------------------------------------
     0 | D        | mhtbhm the Demonspawn Berserker began the quest for the
                  | Orb.
     0 | D        | Reached XP level 1. HP: 18/18 MP: 1/1
    17 | D        | Gained mutation: Your demonic aura sometimes causes spilled
                  | blood to erupt in flames. [demonic ancestry]
    17 | D        | Reached XP level 2. HP: 25/25 MP: 2/2
   202 | D        | Noticed an oklob sapling
   204 | D        | Killed an oklob sapling
   204 | D        | Reached ** piety under Trog
   205 | D        | Reached skill level 4 in Fighting
   205 | D        | Reached XP level 3. HP: 32/32 MP: 3/3
   346 | D        | Noticed a scorpion
   347 | D        | Found the amulet of invisibility {+Inv}
   354 | D        | Killed a scorpion
   355 | D        | Reached skill level 6 in Fighting
   355 | D        | Reached skill level 5 in Maces & Flails
   355 | D        | Reached XP level 4. HP: 22/40 MP: 4/4
   590 | D        | Found an opulent altar of Gozag.
   590 | D        | Found a hazy altar of Hepliaklqana.
   590 | D        | Found a burning altar of Makhleb.
   590 | D        | Found a sparkling altar of Nemelex Xobeh.
   590 | D        | Found a snail-covered altar of Cheibriados.
   590 | D        | Found a sacrificial altar of Ru.
   590 | D        | Found a shimmering blue altar of Sif Muna.
   590 | D        | Found a shimmering altar of Xom.
   590 | D        | Found a basalt altar of Yredelemnul.
   591 | D        | Found a viscous altar of Jiyva.
   591 | D        | Found a bloodstained altar of Trog.
   591 | D        | Found an ornate altar of the Wu Jian Council.
   592 | D        | Found an iron altar of Okawaru.
   592 | D        | Found a shadowy altar of Dithmenos.
   593 | D        | Found an ancient bone altar of Kikubaaqudgha.
   593 | D        | Found a hide-covered altar of Uskayaw.
   594 | D        | Found a stormy altar of Qazlal.
   595 | D        | Found a corrupted altar of Lugonu.
   595 | D        | Found a radiant altar of Vehumet.
   603 | D        | Splashed by an oklob sapling priest's acid

Illustrated notes

Levels and vault maps discovered:
D:        dungeon_sprint_fedhas [sprint_temple]

Skill      XL: |  1  2  3 |
---------------+----------+-----
Maces & Flails | 3 4 5 |  5.8
Armour         | 2 |  2.9
Dodging        | 2 3 |  3.1
Fighting       | 4 6 |  6.0
Stealth        | |  0.8

Action                   |  1- 3 |  4- 6 || total
-------------------------+-------+-------++-------
Melee: Mace              |    16 |     6 ||    22
Invok: Berserk           |     3 |       ||     3
 Abil: Evoke Invisibilit |       |     1 ||     1
 Stab: Sleeping          |     1 |       ||     1
       Invisible         |       |     1 ||     1
Armor: Animal skin       |     2 |       ||     2
Dodge: Dodged            |     2 |       ||     2

Table legend: (Time is in decaauts)
 A = Elapsed time spent in this place.
 B = Non-inter-level travel time spent in this place.
 C = Inter-level travel time spent in this place.
 D = Time resting spent in this place.
 E = Time spent auto-exploring this place.
 F = Levels seen in this place.
 G = Mean time per level.
                   A        B        C        D        E       F      G
               +--------+--------+--------+--------+--------+-----+--------+
         Total |    634 |    634 |      0 |    560 |      0 |   1 |  634.0 |
       Dungeon |    634 |    634 |      0 |    560 |      0 |   1 |  634.0 |
               +--------+--------+--------+--------+--------+-----+--------+

Top non-repeatable levels by time:
       D: 634 daAuts
